Map: [ESL] Tropical Sacrifice

Players

gumiho - Winner!

  • Race: Terran Terran
  • Spawn Location: 7:00

Neeb

  • Race: Protoss Protoss
  • League: Master
  • Spawn Location: 1:00

Event: HomeStory Cup XXI

VOD

Have the link to the VOD?

Description

Time

  • Played on: July 23, 2022, 10:41 a.m.
  • Length: 6:12

All games in this series

Show
View Real Time Build Order
Export as new Build Order

gumiho Terran - Winner!

Build Orders: Cyclone Opening 

Get SALT Encoding   

  12  0:00  SCV  
  13  0:12  SCV  
  14  0:17  Supply Depot  
  14  0:24  SCV  
  15  0:38  SCV  
  15  0:41  Barracks  
  16  0:44  Refinery  
  16  0:51  SCV  
  16  0:54  Refinery  
  17  1:03  SCV  
  18  1:15  SCV  
  19  1:28  Orbital Command, Reaper  
  19  1:31  Supply Depot  
  20  1:41  Factory  
  20  1:53  SCV  
  21  2:01  Barracks Reactor  
  21  2:05  SCV  
  22  2:19  Command Center  
  22  2:22  SCV  
  23  2:25  Factory Tech Lab  
  23  2:32  Supply Depot  
  23  2:34  SCV  
  24  2:41  Marine x2  
  26  2:48  Cyclone  
  29  2:53  SCV  
  30  2:59  Marine x2  
  32  3:08  Starport  
  32  3:12  SCV  
  33  3:22  Siege Tank  
  33  3:25  SCV  
  38  3:30  Marine x2  
  39  3:37  SCV  
  40  3:44  Medivac  
  40  3:47  Marine  
  40  3:48  Marine  
  44  3:49  SCV  
  44  3:52  Orbital Command  
  45  3:59  Siege Tank  
  48  4:05  Marine x2  
  50  4:11  SCV  
  50  4:14  Supply Depot  
  51  4:17  Viking  
  54  4:27  Supply Depot  
  52  4:35  Marine  
  52  4:36  Marine  
  53  4:44  SCV  
  54  4:46  Siege Tank  
  54  4:52  SCV  
  54  4:53  Marine x2  
  54  4:56  SCV  
  55  5:11  Marine x2  
  55  5:18  Siege Tank  
  55  5:29  Marine x2  
  55  5:32  SCV  
  58  5:40  SCV  
  62  5:45  SCV  
  62  5:47  Marine x2  
  62  5:49  Supply Depot  
  65  5:52  SCV  
  70  5:57  SCV  
  70  6:07  Supply Depot  
Show
View Real Time Build Order
Export as new Build Order

Neeb Protoss 

Build Orders: 1 Gate Expand, Oracle Opening 

Get SALT Encoding   

  12  0:00  Probe  
  13  0:12  Probe  
  14  0:17  Pylon  
  14  0:24  Probe  
  15  0:29  Assimilator  
  15  0:36  Probe (Chrono Boost)  
  15  0:42  Gateway  
  16  0:47  Probe (Chrono Boost)  
  17  0:52  Probe (Chrono Boost)  
  18  1:04  Probe  
  19  1:16  Probe  
  20  1:23  Nexus  
  20  1:32  Cybernetics Core  
  20  1:36  Probe  
  21  1:41  Assimilator  
  21  1:48  Probe  
  21  1:51  Pylon  
  22  2:00  Probe (Chrono Boost)  
  23  2:06  Adept (Chrono Boost)  
  23  2:10  Warp Gate  
  23  2:11  Probe (Chrono Boost)  
  26  2:15  Probe (Chrono Boost)  
  26  2:20  Stargate  
  27  2:26  Probe  
  28  2:30  Adept  
  28  2:36  Probe (Chrono Boost)  
  31  2:40  Pylon  
  32  2:47  Probe (Chrono Boost)  
  32  2:48  Probe (Chrono Boost)  
  33  2:52  Probe (Chrono Boost)  
  33  2:55  Probe  
  35  2:59  Gateway  
  35  3:05  Oracle (Chrono Boost)  
  38  3:13  Gateway  
  38  3:18  Probe  
  38  3:19  Probe  
  40  3:22  Adept  
  40  3:30  Probe  
  40  3:31  Probe  
  40  3:34  Oracle (Chrono Boost)  
  45  3:43  Probe x2  
  45  3:46  Pylon  
  47  3:51  Pylon  
  47  3:55  Probe x2  
  49  4:05  Adept x2  
  49  4:08  Probe  
  54  4:10  Probe  
  54  4:12  Adept  
  54  4:20  Probe  
  54  4:23  Assimilator  
  55  4:26  Stalker x2  
  55  4:29  Pylon  
  59  4:37  Stalker  
  59  4:39  Shield Battery  
  59  4:40  Probe  
  59  4:42  Oracle  
  59  4:46  Probe  
  60  4:53  Pylon  
  60  4:54  Zealot  
  60  4:58  Probe  
  60  4:59  Stalker  
  57  5:07  Probe  
  57  5:12  Probe  
  57  5:15  Stalker x2  
  57  5:19  Probe  
  57  5:20  Pylon  
  62  5:27  Shield Battery  
  60  5:29  Probe  
  50  5:36  Stalker  
  50  5:40  Nexus  
  52  5:43  Stalker  
  52  5:47  Zealot  
  56  6:00  Gateway  
Tags
 
Add a new tag
Caveats
  • Supply blocks, unpowered buildings, or Contaminate may cause inaccurate times.
  • Supply counts are checked every 10 seconds.